 Dungeon Crawl Stone Soup version 0.32-a0-933-ga8fa3634e4 (webtiles) character file.

Game seed: 10227010793490574339

13564 jasper the Cleaver (level 12, -18/97 HPs)
             Began as a Ghoul Gladiator on Apr 14, 2024.
             Was a High Priest of Okawaru.
             Killed from afar by Jorgrun (42 damage)
             ... with an iron shot
             ... on level 12 of the Dungeon.
             The game lasted 00:17:59 (10498 turns).

jasper the Cleaver (Ghoul Gladiator)               Turns: 10498, Time: 00:18:00

Health: -18/97     AC: 21    Str: 23    XL:     12   Next: 7%
Magic:  12/18      EV:  8    Int:  7    God:    Okawaru [*****.]
Gold:   627        SH:  0    Dex: 10    Spells: 11/11 levels left

rFire   . . .        G - +0 battleaxe
rCold   + . .        (shield currently unavailable)
rNeg    + + +        K - +0 plate armour
rPois   ∞            c - +1 helmet
rElec   .            H - +0 cloak
rCorr   .            r - +0 pair of gloves
SInv    .            M - +0 pair of boots
Will    .....        V - amulet of faith Stlth
                     (no ring)
HPRegen 0.00/turn    q - +4 ring of slaying
MPRegen 0.16/turn

%: faith
@: heroic, finesse-ful, inhibited regen, studying Dodging
A: claws 1, cold resistance 1, negative energy resistance 3, inhibited
regeneration, torment resistance 2, devour on kill
a: Renounce Religion, Heroism, Finesse, Duel


You were on level 12 of the Dungeon.
You worshipped Okawaru.
Okawaru was extremely pleased with you.
You visited 2 branches of the dungeon, and saw 13 of its levels.
You also visited: Sewer.

You collected 879 gold pieces.
You spent 252 gold pieces at shops.

Inventory:

Hand Weapons
 a - a +1 war axe of flaming
 j - a +0 war axe
 G - a +0 battleaxe (weapon)
 Y - a +0 broad axe
Missiles
 d - a throwing net
 k - 101 stones (quivered)
 u - 12 boomerangs
 C - 3 curare-tipped darts
 U - 11 javelins
 W - 2 silver javelins
Armour
 b - a +0 leather armour
 c - a +1 helmet (worn)
 r - a +0 pair of gloves (worn)
 z - a +0 chain mail
 H - a +0 cloak (worn)
 K - a +0 plate armour (worn)
 M - a +0 pair of boots (worn)
Jewellery
 g - a ring of resist corrosion
 i - a ring of see invisible
 o - an amulet of reflection
 q - a +4 ring of slaying (right hand)
 B - an amulet of regeneration
 N - a ring of ice
 V - an amulet of faith (around neck)
Wands
 D - a wand of quicksilver (9)
 L - a wand of polymorph (9)
 Q - a wand of mindburst (10)
 X - a wand of warping (5)
 Z - a wand of flame (11)
Scrolls
 e - 2 scrolls of immolation
 h - a scroll of enchant weapon
 t - 2 scrolls of amnesia
 v - 3 scrolls of fear
 x - 4 scrolls of blinking
 y - 3 scrolls of fog
 J - a scroll of identify
 O - 4 scrolls of poison
 R - a scroll of revelation
 T - a scroll of teleportation
Potions
 f - a potion of magic
 l - a potion of cancellation
 m - 9 potions of curing
 n - 5 potions of enlightenment
 p - 3 potions of ambrosia
 s - 2 potions of haste
 w - 2 potions of berserk rage
 A - a potion of mutation
 E - 3 potions of heal wounds
 F - 4 potions of attraction
 I - 2 potions of resistance
 S - 2 potions of brilliance {unknown}
Miscellaneous
 P - a sack of spiders


   Skills:
 + Level 6.9(11.9) Fighting
 * Level 14.4(19.4) Axes
 - Level 1.7(6.7) Throwing
 + Level 5.3(10.3) Armour
 - Level 2.6(7.6) Dodging
 - Level 8.0 Invocations


You had 11 spell levels left.
You didn't know any spells.
Your spell library contained the following spells:

 Spells                   Type           Power      Damage    Failure   Level
 Kiss of Death            Conj/Necr      0%         2d5       99%         1
 Sting                    Conj/Alch      0%         1d3       99%         1
 Mercury Vapours          Alch/Air       0%         N/A       100%        2
 Confusing Touch          Hex            0%         N/A       100%        3
 Dazzling Flash           Conj/Hex       0%         N/A       100%        3
 Hailstorm                Conj/Ice       0%         3d5       100%        3
 Mephitic Cloud           Conj/Alch/Air  0%         N/A       100%        3
 Sigil of Binding         Hex            0%         N/A       100%        3
 Stone Arrow              Conj/Erth      0%         3d7       100%        3
 Teleport Other           Tloc           0%         N/A       100%        3
 Dimensional Bullseye     Hex/Tloc       0%         N/A       100%        4
 Dispel Undead            Necr           0%         3d6       100%        4
 Iskenderun's Mystic Bla Conj/Tloc 0%             2d3        (+2d1     100%        4
 Olgreb's Toxic Radiance  Alch           0%         N/A       100%        4
 Curse of Agony           Necr           0%         N/A       100%        5
 Silence                  Hex/Air        0%         N/A       100%        5
 Dispersal                Tloc           0%         N/A       100%        6
 Gell's Gavotte           Tloc           0%         2d(11-16) 100%        6
 Permafrost Eruption      Ice/Erth       0%         2x4d1     100%        6
 Lehudib's Crystal Spear  Conj/Erth      0%         10d2      100%        8
 Summon Ice Beast         Ice/Summ       Unusable   N/A       N/A         3
 Tukima's Dance           Hex            Unusable   N/A       N/A         3
 Animate Armour           Summ/Erth      Unusable   N/A       N/A         4
 Death Channel            Necr           Unusable   N/A       N/A         6
 Sculpt Simulacrum        Ice/Alch       Unusable   N/A       N/A         6

Dungeon Overview and Level Annotations

Branches:
Dungeon (12/15)            Temple (1/1) D:5            Lair (0/5) D:8
    Orc (0/2) D:12          Sewer (visited)

Altars:
Ashenzari
Cheibriados
Dithmenos
Fedhas
Gozag
Hepliaklqana
Kikubaaqudgha
Makhleb
Nemelex Xobeh
Okawaru
Qazlal
Ru
Sif Muna
Trog
Uskayaw
Vehumet
Wu Jian
Xom
Yredelemnul

Shops:
D:5 :=!

Annotations:
D:12 Jorgrun


Innate Abilities, Weirdness & Mutations

You are immune to poison.
You have sharp fingernails.
Your flesh is cold resistant. (rC+)
You are immune to negative energy. (rN+++)
You do not regenerate when monsters are visible.
You are immune to unholy pain and torment.
You thrive by killing the living.


Message History

You hit Jorgrun.
Jorgrun is heavily wounded.
You slice Jorgrun!!
Jorgrun is severely wounded.
You closely miss Jorgrun.
Jorgrun is severely wounded.
Jorgrun is no longer moving slowly.
Jorgrun hits you with a +0 heavy quarterstaff.
The grasping roots constrict you.
You take 9 damage, and have 49/97 hp.
You slash Jorgrun!
Jorgrun is severely wounded.
You barely miss Jorgrun.
Jorgrun is severely wounded.
You gain the combat prowess of a mighty hero.
Jorgrun hits you with a +0 heavy quarterstaff!!
* * * LOW HITPOINT WARNING * * *
The grasping roots constrict you.
Jorgrun's grasping roots sink back into the ground.
You take 22 damage, and have 27/97 hp.
MASSIVE DAMAGE!!
You now have 12/18 mp.
You closely miss Jorgrun.
Jorgrun is severely wounded.
You closely miss Jorgrun.
Jorgrun is severely wounded.
You slice Jorgrun!!
Jorgrun is almost dead.
Jorgrun hits you with a +0 heavy quarterstaff.
* * * LOW HITPOINT WARNING * * *
You take 3 damage, and have 24/97 hp.
You hit Jorgrun.
Jorgrun is almost dead.
You miss Jorgrun.
Jorgrun is almost dead.
You miss Jorgrun.
Jorgrun is almost dead.
You barely miss Jorgrun.
Jorgrun is almost dead.
Jorgrun casts a spell at you. The iron shot hits you!!!
You die...

## #.# #.# ####.#######
#..........# #..........#
# #@.........#
#####...g)).(..))..#######
........)$)$.).....'......
#####...).#.)))....#######
#(.)$.........$#
#...ß.#........#
#.....#....^...#
#.'.###......$.# ...#
##########


You could see Jorgrun (poisoned).

Vanquished Creatures
  Snorg (D:11)
  3 two-headed ogres
  A deep elf pyromancer (D:12)
  An ugly thing (D:8)
  Joseph (D:7)
  A gargoyle (D:11)
  Maggie (D:7)
  3 trolls
  2 hornets
  3 slime creatures (D:12)
  14 yaks
  2 wyverns
  A shadow (D:10)
  2 wraiths
  A steam dragon (D:9)
  Menkaure (D:7)
  3 acid dragons (D:11)
  A water moccasin (D:7)
  4 orc warriors
  2 ice beasts
  2 sky beasts (D:7)
  3 ogres
  2 wolves (D:8)
  3 phantoms
  2 kobold brigands
  4 bullfrogs
  7 scorpions
  9 wights
  7 killer bees
  A howler monkey (D:6)
  A bombardier beetle (D:4)
  3 jellies
  5 hounds
  12 orc priests
  2 gnoll boudas
  A sleepcap (D:4)
  An iguana (D:5)
  12 orc wizards
  13 adders
  16 gnolls
  A river rat (D:3)
  2 shadow imps
  3 white imps
  6 ufetubi
  18 dart slugs
  A ribbon worm (D:3)
  58 orcs
  11 ball pythons
  7 bats
  15 endoplasms
  6 giant cockroaches
  8 goblins
  8 hobgoblins
  3 jackals (D:1)
  14 kobolds
  6 quokkas
  9 frilled lizards
  7 rats
337 creatures vanquished.

Notes
Turn   | Place    | Note
-------+----------+-------------------------------------------
     0 | D:1      | jasper the Ghoul Gladiator began the quest for the Orb.
     0 | D:1      | Reached XP level 1. HP: 17/17 MP: 1/1
    33 | D:1      | Reached skill level 3 in Axes
    33 | D:1      | Reached XP level 2. HP: 15/24 MP: 2/2
   102 | D:1      | Found a faded altar of an unknown god.
   231 | D:1      | Reached XP level 3. HP: 19/29 MP: 3/3
   833 | D:2      | Reached skill level 4 in Axes
   872 | D:2      | Found a shimmering altar of Xom.
  1200 | D:2      | Reached XP level 4. HP: 14/36 MP: 4/4
  1625 | D:3      | Reached skill level 5 in Axes
  1625 | D:3      | Reached XP level 5. HP: 33/41 MP: 5/5
  1919 | D:3      | Found a glowing drain.
  1929 | Sewer    | Entered a sewer
  2064 | Sewer    | Reached XP level 6. HP: 48/48 MP: 6/6
  2092 | Sewer    | Reached skill level 6 in Axes
  2534 | D:3      | Found a stormy altar of Qazlal.
  3213 | D:4      | Reached skill level 7 in Axes
  3213 | D:4      | Reached XP level 7. HP: 55/55 MP: 7/7
  3222 | D:4      | Found a shimmering altar of Xom.
  3227 | D:4      | Found a snail-covered altar of Cheibriados.
  3229 | D:4      | Found a basalt altar of Yredelemnul.
  3229 | D:4      | Found an iron altar of Okawaru.
  3239 | D:4      | Became a worshipper of Warmaster Okawaru
  3707 | D:4      | HP: 1/55 [burnt (5)]
  3711 | D:4      | Reached skill level 8 in Axes
  3996 | D:5      | Entered Level 5 of the Dungeon
  4104 | D:5      | Reached * piety under Okawaru
  4130 | D:5      | Reached XP level 8. HP: 56/61 MP: 8/8
  4138 | D:5      | Found Faofinott's Jewellery Boutique.
  4243 | D:5      | Found a staircase to the Ecumenical Temple.
  4256 | Temple   | Entered the Ecumenical Temple
  4299 | Temple   | Reached skill level 9 in Axes
  4446 | D:5      | Found Aghilum's Distillery.
  4452 | D:5      | Bought a potion of curing for 36 gold pieces
  4452 | D:5      | Bought a potion of haste for 120 gold pieces
  4452 | D:5      | Bought a potion of ambrosia for 96 gold pieces
  4465 | D:5      | Found Enetraic's Book Emporium.
  4785 | D:5      | Reached skill level 10 in Axes
  4804 | D:5      | Noticed a two-headed ogre
  4812 | D:5      | Killed a two-headed ogre
  4812 | D:5      | Reached ** piety under Okawaru
  4813 | D:5      | Reached skill level 11 in Axes
  4813 | D:5      | Reached XP level 9. HP: 67/67 MP: 6/9
  5382 | D:6      | Reached *** piety under Okawaru
  5589 | D:6      | Reached skill level 12 in Axes
  6136 | D:7      | Noticed Joseph
  6150 | D:7      | Killed Joseph
  6150 | D:7      | Reached **** piety under Okawaru
  6254 | D:7      | Reached XP level 10. HP: 66/73 MP: 12/12
  6415 | D:7      | Reached skill level 5 in Invocations
  6468 | D:7      | Noticed Maggie
  6476 | D:7      | Killed Maggie
  7060 | D:7      | Noticed Menkaure
  7066 | D:7      | Killed Menkaure
  7425 | D:8      | Found a staircase to the Lair.
  7433 | D:8      | Reached skill level 1 in Armour
  7788 | D:8      | Noticed a white ugly thing
  7797 | D:8      | Killed a white ugly thing
  7927 | D:9      | Reached XP level 11. HP: 54/84 MP: 17/17
  7932 | D:9      | Reached skill level 13 in Axes
  7992 | D:9      | Identified the +1 leather armour "Ovym" {rF++ Dex+4}
  8244 | D:9      | Reached ***** piety under Okawaru
  8375 | D:10     | Entered Level 10 of the Dungeon
  8375 | D:10     | Noticed a two-headed ogre
  8578 | D:10     | Reached skill level 5 in Fighting
  8582 | D:10     | Received a gift from Okawaru
  9403 | D:10     | Killed a two-headed ogre
  9636 | D:11     | Noticed a two-headed ogre
  9652 | D:11     | Killed a two-headed ogre
  9769 | D:11     | Reached skill level 14 in Axes
 10055 | D:11     | Noticed Snorg
 10074 | D:11     | Killed Snorg
 10074 | D:11     | Received a gift from Okawaru
 10371 | D:12     | Reached skill level 5 in Armour
 10372 | D:12     | Noticed a deep elf pyromancer
 10390 | D:12     | Killed a deep elf pyromancer
 10391 | D:12     | Reached XP level 12. HP: 97/97 MP: 12/18
 10434 | D:12     | Found a staircase to the Orcish Mines.
 10460 | D:12     | Noticed Jorgrun
 10498 | D:12     | Killed from afar by Jorgrun

Illustrated notes

Levels and vault maps discovered:
D:1:      lightli_arrival_maybe_door_vault, layout_basic,
          shapermc_ecumenical_altar_totnotflames, minmay_unequal
D:2:      layout_basic, basic_altar
D:3:      layout_loops_ring, lemuel_doored_altar, serial_glass, glass_columns_a,
          glass_columns_b, glass_columns_b, glass_columns_a, glass_columns_c,
          glass_columns_b, glass_columns_a, glass_columns_a,
          portal_sewer_entry_e, grunt_ministairs_2
D:4:      layout_layer_cave, minitemple, kennysheep_small_spiral, st_stairs_14
D:5:      layout_basic, minmay_temple_entry_offerings, serial_shops, shop,
          nicolae_stop_n_shop_1, shop, minmay_small_thing, uniq_grinder
D:6:      layout_cave_pods, kennysheep_mini_moat, small_statue_intersection
D:7:      layout_basic, enter_bailey_5, kennysheep_generic_room_16,
          uniq_menkaure, uniq_joseph, uniq_maggie
D:8:      layout_basic, erik_lair_orcish_takeover, kennysheep_just_a_vault
D:9:      layout_rooms
D:10:     layout_basic
D:11:     layout_cave_pools, uniq_snorg
D:12:     layout_basic, hiddenorc2_lemuel, uniq_urug, uniq_jorgrun
Temple:   jpeg_temple_clearing

Skill      XL: |  1  2  3  4  5  6  7  8  9 10 11 |
---------------+----------------------------------+-----
Axes           | 3 4 5 7 8 11 12 14 | 14.4
Invocations    | 3 8 |  8.0
Armour         | 2 5 |  5.3
Fighting       | 4 6 |  6.9
Throwing       | |  1.7
Dodging        | |  2.6

Action                     |  1- 3 |  4- 6 |  7- 9 | 10-12 || total
---------------------------+-------+-------+-------+-------++-------
  Melee: War axe           |   115 |   151 |   186 |   253 ||   705
         Battleaxe         |       |       |       |   130 ||   130
  Throw: Throwing net      |     2 |     1 |     1 |       ||     4
         Stone             |     1 |       |       |     4 ||     5
         Boomerang         |       |     2 |       |     7 ||     9
         Javelin           |       |     1 |     1 |       ||     2
         Dart              |       |       |       |     6 ||     6
 Invoke: Heroism           |       |       |     3 |     4 ||     7
         Finesse           |       |       |       |     5 ||     5
  Evoke: Wand              |       |       |     2 |     7 ||     9
    Use: Scroll            |     6 |     5 |     3 |     6 ||    20
         Potion            |       |       |     1 |       ||     1
   Stab: Held in net/web   |     1 |     2 |     2 |       ||     5
 Armour: Leather armour    |   105 |   105 |       |       ||   210
         Chain mail        |       |       |   195 |    46 ||   241
         Plate armour      |       |       |       |   296 ||   296
  Dodge: Dodged            |   102 |    92 |    83 |   116 ||   393
  Block: Other             |       |    41 |    11 |       ||    52
         Reflection        |       |     3 |       |       ||     3

Table legend: (Time is in decaauts)
 A = Elapsed time spent in this place.
 B = Non-inter-level travel time spent in this place.
 C = Inter-level travel time spent in this place.
 D = Time resting spent in this place.
 E = Time spent auto-exploring this place.
 F = Levels seen in this place.
 G = Mean time per level.
                   A        B        C        D        E       F      G
               +--------+--------+--------+--------+--------+-----+--------+
         Total |  10552 |  10273 |    279 |    961 |   6794 |  14 |  753.7 |
       Dungeon |  10015 |   9736 |    279 |    871 |   6653 |  12 |  834.6 |
        Temple |    111 |    111 |      0 |     90 |      0 |   1 |  111.0 |
         Sewer |    425 |    425 |      0 |      0 |    140 |   1 |  425.0 |
               +--------+--------+--------+--------+--------+-----+--------+

Top non-repeatable levels by time:
     D:5: 1181 daAuts
     D:4: 1081 daAuts
     D:7: 1009 daAuts
    D:10: 1009 daAuts
     D:3: 969 daAuts
    D:11: 896 daAuts
     D:1: 836 daAuts
     D:6: 825 daAuts
     D:2: 815 daAuts
     D:8: 728 daAuts
     D:9: 524 daAuts
   Sewer: 425 daAuts
    D:12: 137 daAuts
  Temple: 111 daAuts
